cohdb
Replays
Latest Replays
All Replays
Popular Replays
Top Player Replays
Match Explorer
How It Works
Community
CoH3 Stats
Reddit
Sign in to upload your games and track your stats! →
Sign in with Steam
Close match vs Tiger
Match 21172706
Overview
Messages
Build Orders
End
Pioneer Squad
Construct Infanterie Kompanie
Selects Breakthrough Battlegroup
Selects Assault Grenadiers
Grenadier Squad
Grenadier Squad
MG 42 Machine Gun Team
Infanterie Officer Quarters
Grenadier Squad
Construct Luftwaffe Kompanie
Flak 30 Anti-aircraft Gun Team
Jäger Squad
Jäger Squad
Support Elements
Selects Rapid Production
Selects Blitzkrieg
Wirbelwind Flakpanzer
Wirbelwind Flakpanzer
Jäger Squad
Construct Panzer Kompanie
Side Skirts
Selects Tiger Heavy Tank
Tiger Heavy Tank
Marder III M Tank Destroyer
Selects Smoke Bombing Run
Selects Incendiary Bombing Run
Panzer IV Medium Tank
Blitzkrieg
Stoßtruppen Squad
Incendiary Bombing Run
Panzer Officer Quarters
Incendiary Bombing Run
Pioneer Squad
jinkmoon2
JZuna
0
0
Comments
sign in to comment!
No comments posted yet!